[Event "German Bundesliga 2024-25"]
[Site "Germany"]
[Date "2025.01.12"]
[Round "6.4"]
[White "Petrov, Martin"]
[Black "Rakotomaharo, Fy Antenaina"]
[Result "0-1"]
[Annotator "TA"]
[ECO "B06"]
[WhiteElo "2550"]
[BlackElo "2429"]
[PlyCount "76"]
[EventDate "2024.09.27"]
[EventType "team-tourn"]
[EventCountry "GER"]
[SourceTitle "playchess.com"]
[Source "ChessBase"]
[SourceQuality "1"]
[WhiteTeam "Deggendorf"]
[BlackTeam "Bad Mergentheim"]
[TimeControl "40/5400+30:1800+30"]

1. e4 g6 2. d4 Bg7 3. Nc3 d6 4. Be3 a6 5. h4 h5 6. Nh3 Nc6 7. Ng5 Nh6 8. f3 O-O (8... d5 $14) 9. Qd2 $16 e5 10. dxe5 Nxe5 11. O-O-O b5 12. g4 hxg4 {[%emt 0:33:18] [#]} 13. f4 (13. h5 $1 $16 ) 13... Nf3 $14 14. Nxf3 gxf3 15. f5 Ng4 16. Bg5 Qe8 17. h5 (17. Qf4 $14 gxf5 (17... Nf2 18. f6 $15) 18. exf5 (18. Qxf3 fxe4 19. Nxe4 Qe5 $15)) 17... gxf5 $11 18. exf5 Bxf5 19. Re1 (19. Qf4 Qe6 20. Qxf3 b4 $17) 19... Qc6 20. Nd5 $2 ({White must play} 20. Bh3 $1 $15 Rfe8 21. Bxg4 Bxg4 22. h6) 20... Rfe8 $19 21. Ne7+ Rxe7 $1 22. Rxe7 f2 23. Rh4 Re8 24. Rxe8+ Qxe8 25. Qe2 Qe5 26. c3 (26. Qxe5 $17 {was worth a try.} Bxe5 (26... dxe5 27. h6 $17) 27. Kd2) 26... Be6 $19 27. Bd2 Qg3 28. Rh1 $2 (28. Rxg4 {was the only defense.} Qxg4 (28... Bxg4 $2 29. Qe8+ Kh7 30. Qxf7 $19) 29. Qxg4 Bxg4 30. Be3 Bxh5 31. Bxf2) 28... Be5 (28... Bxa2 29. h6 Be5 30. Qe4 $11) (28... Bh6 $142 29. Bxh6 Nxh6) 29. Qe4 $19 Nh2 (29... Bxa2 30. Qa8+ Kh7 31. Qe4+ Kh8 32. Qa8+ Kh7 33. Qe4+ Kh8 34. Qa8+ Kg7 35. h6+ Kh7 36. Qe4+ Kh8 (36... f5 37. Qxf5+ Kh8 38. h7 Nh2 39. Qf8+) 37. Qa8+ Kh7 38. Qe4+ Kh8 39. Qa8+ Kh7 $11) 30. Bd3 $2 (30. h6) 30... f5 $19 (30... Bxa2 $2 {is the wrong capture.} 31. Bh6 Qg1+ 32. Kd2 $18) 31. Qa8+ {[%emt 0:00:05] [#]} Kf7 $1 32. Kc2 Bc4 (32... Bxa2 33. Qc8 $11) (32... Nf3 $142 {...Qg2 would now be deadly.} 33. Be2 Nxd2) 33. Bxf5 $2 (33. Bxc4+ bxc4 34. Qd5+ Kf6 35. Qxc4) 33... f1=Q $19 (33... f1=R $2 34. Bg6+ (34. Rxf1 $2 Nxf1 35. Bg6+ Kg7 $19) 34... Kg7 35. Qe8 $17) 34. Rxf1 Nxf1 35. Bg6+ Kg7 36. b3 Nxd2 37. bxc4 Qxc3+ 38. Kd1 Nxc4 0-1

[Event "German Bundesliga 2024-25"]
[Site "Germany"]
[Date "2025.01.12"]
[Round "6.5"]
[White "Huschenbeth, Niclas"]
[Black "Stevic, Hrvoje"]
[Result "1/2-1/2"]
[Annotator "TA"]
[ECO "C83"]
[WhiteElo "2594"]
[BlackElo "2548"]
[PlyCount "89"]
[EventDate "2024.09.27"]
[EventType "team-tourn"]
[EventCountry "GER"]
[SourceTitle "playchess.com"]
[Source "ChessBase"]
[SourceQuality "1"]
[WhiteTeam "Hamburg"]
[BlackTeam "Kirchweyhe"]
[TimeControl "40/5400+30:1800+30"]

1. e4 e5 2. Nf3 Nc6 3. Bb5 a6 4. Ba4 Nf6 5. O-O Nxe4 6. d4 b5 7. Bb3 d5 8. dxe5 Be6 9. c3 Be7 10. Nbd2 Nc5 11. Nd4 Nxe5 12. Bc2 Qd6 13. N2b3 Bg4 14. f3 Nxb3 $1 15. Nxb3 Bd7 16. Be3 $1 O-O 17. Bc5 Qe6 18. Bxe7 Qxe7 19. Qxd5 Bc6 $132 {[%emt 0:02:29][%mdl 2048] Black puts up resistance} 20. Qc5 Qxc5+ (20... Qg5 {looks sharper.} 21. Kh1 Rfd8 22. Rae1 Rd5) 21. Nxc5 a5 22. a4 bxa4 23. Bxa4 Rfb8 24. Rfe1 Bxa4 25. Rxa4 Ng6 (25... f6 $11) 26. b3 $16 h6 27. Rea1 {[%emt 0:01:42] White has more active pieces.} Rd8 {[%emt 0:00:55] [#]} 28. b4 $1 ({Don't take} 28. Rxa5 Rxa5 29. Rxa5 Rd2 $14) 28... Nf4 29. bxa5 (29. Rxa5 $16 Rab8 30. Kf2) 29... Ne2+ $14 30. Kf2 Nxc3 31. Rc4 Nb5 32. a6 Rd2+ 33. Kg3 Ra7 34. Rb4 c6 35. Rc4 Nd6 {[%emt 0:00:37] Dodges Ne4} 36. Rc3 Nb5 37. Rcc1 Rd5 38. Ne4 Nd4 {[%emt 0:00:03] [#] and ...Ne2+ should not be overlooked} 39. Rcb1 (39. Rc4 $1 $16) 39... Rb5 $11 40. Rxb5 cxb5 41. Rd1 Ne6 42. Rd6 b4 43. Rb6 b3 44. Nd6 {[%emt 0:06:55][%cal Od6c8] Hoping for Nc8!.} Nc5 45. Ne4 1/2-1/2

[Event "German Bundesliga 2024-25"]
[Site "Germany"]
[Date "2025.01.12"]
[Round "6.5"]
[White "Van Foreest, Lucas"]
[Black "Van Wely, Loek"]
[Result "1/2-1/2"]
[Annotator "TA"]
[ECO "D36"]
[WhiteElo "2520"]
[BlackElo "2608"]
[PlyCount "129"]
[EventDate "2024.09.27"]
[EventType "team-tourn"]
[EventCountry "GER"]
[SourceTitle "playchess.com"]
[Source "ChessBase"]
[SourceQuality "1"]
[WhiteTeam "Werder Bremen"]
[BlackTeam "SG Solingen"]
[TimeControl "40/5400+30:1800+30"]

1. d4 Nf6 2. c4 e6 3. Nc3 d5 4. Bg5 Be7 5. cxd5 exd5 6. e3 h6 7. Bh4 O-O 8. Bd3 c6 9. Qc2 Re8 10. Nf3 Nbd7 11. O-O Ne4 12. Bxe7 Qxe7 13. Rfe1 Ndf6 14. Ne5 Bf5 15. f3 {[%emt 0:15:30] White has an edge.} Nxc3 16. Bxf5 Nb5 17. Qd2 Nd6 18. Bd3 Nd7 19. Nxd7 Qxd7 20. e4 dxe4 21. fxe4 c5 22. e5 Nf5 23. Bxf5 Qxf5 24. dxc5 Rxe5 25. Rxe5 Qxe5 $11 {[%emt 0:00:05][%mdl 4096] Endgame. KQR-KQR} 26. Rc1 a5 27. Qc3 Qe6 28. Qb3 Qe7 29. Qc3 Qe6 30. Qb3 Qe7 31. Qc3 Rc8 32. b3 Qe2 33. a3 Re8 34. Rf1 Re3 35. Qxa5 {[%emt 0:01:24] [#] Qa8+ is the strong threat.} Rxb3 36. Qc7 Qe3+ (36... Rxa3 37. Qc8+ (37. Rxf7 $2 Ra1+) (37. Qxf7+ Kh7 $11) 37... Kh7 38. Qf5+ Kh8 39. Qc8+ Kh7 40. Qf5+ Kh8 41. Qc8+ Kh7 $11) 37. Kh1 Qe6 ({Reject} 37... Rxa3 38. Qxf7+ (38. Rxf7 $2 {gets mated.} Qe1+) 38... Kh7 39. Qxb7 $11) 38. h3 Qd5 39. Qc8+ Kh7 40. Qf5+ Qxf5 41. Rxf5 $15 {[%emt 0:30:02] KR-KR} Kg6 ({Don't play} 41... Rxa3 42. Rxf7 Rc3 43. Rxb7 $11) 42. Rf4 Rxa3 43. Rb4 Ra5 44. Rb6+ f6 45. Rxb7 Rxc5 46. Kh2 h5 47. Ra7 h4 48. Rb7 Kh6 49. Ra7 g5 50. Ra6 Kg6 51. Rb6 Kf5 52. Ra6 Ke5 53. Rb6 f5 54. Rg6 {[%emt 0:06:07] [#]} Kf4 $1 55. Rg8 Rc2 56. Rf8 Rf2 57. Ra8 Re2 58. Rf8 Re5 59. Rg8 g4 (59... Rb5 $17) 60. hxg4 $11 {[%emt 0:00:00] The position is equal.} fxg4 61. Rh8 h3 62. Rf8+ Rf5 63. Rxf5+ Kxf5 64. gxh3 g3+ 65. Kg2 {[%emt 0:00:40] Weighted Error Value: White=0.04 (flawless) /Black=0.05 (flawless) .  Mistake:       	---       	Black=1      Inaccurate:     	White=1     	---        OK:         	White=26    	Black=13     Best:        	White=2     	Black=7      Strong:       	---       	Black=1} 1/2-1/2

[Event "German Bundesliga 2024-25"]
[Site "Germany"]
[Date "2025.01.12"]
[Round "6.5"]
[White "Razafindratsima, Timothe"]
[Black "Bogosavljevic, Boban"]
[Result "0-1"]
[Annotator "TA"]
[ECO "B30"]
[WhiteElo "2465"]
[BlackElo "2480"]
[PlyCount "92"]
[EventDate "2024.09.27"]
[EventType "team-tourn"]
[EventCountry "GER"]
[SourceTitle "playchess.com"]
[Source "ChessBase"]
[SourceQuality "1"]
[WhiteTeam "Bad Mergentheim"]
[BlackTeam "Deggendorf"]
[TimeControl "40/5400+30:1800+30"]

1. e4 c5 2. Nf3 Nc6 3. Nc3 e5 4. Bc4 Be7 5. d3 Nf6 6. Nd2 d6 7. Nf1 Bg4 8. f3 Be6 9. Ne3 O-O 10. O-O Nd7 11. Ned5 Nb6 12. a4 Nb4 {[%emt 0:15:02] White has an edge.} 13. Nxb6 axb6 14. Kh1 Qd7 15. b3 f5 16. Bxe6+ Qxe6 17. Ba3 {[%emt 0:00:03] And now Bxb4 would win.} Nc6 18. Nd5 Bd8 {[%emt 0:00:06] Inhibits Nc7.} 19. c4 Ne7 20. Bb2 Nxd5 21. cxd5 Qd7 22. Qc2 Bg5 23. Qc4 Be3 24. Rae1 f4 25. Re2 h6 26. Bc1 Bd4 {[%emt 0:00:23][%cal Ob6b5] Black is more active.} 27. Bb2 b5 $1 28. Qxb5 {[%emt 0:01:07] This move loses the game for White.} (28. axb5 $17 {was the only defense.} Ra2 29. Rb1) 28... Qxb5 $19 29. axb5 {[%emt 0:00:02] White is weak on the dark squares} Ra2 30. Rb1 {[%emt 0:00:01] [#]} g5 $1 {[%emt 0:02:17][%mdl 1024] Black has strong compensation.} 31. b6 $2 (31. Rc2 {was called for.}) 31... Kh7 32. h3 $2 (32. Rd2 {is a better defense.} Rfa8 33. g3) 32... h5 33. Rd2 Rfa8 34. g4 (34. Rc2 $142 Kg6 35. Kh2) 34... fxg3 {[%emt 0:00:59] ...R8a3 is the strong threat.} 35. Rg2 Bf2 36. Bc3 {[%emt 0:00:12] [#]} g4 $1 37. fxg4 hxg4 38. h4 Kg6 39. h5+ Kxh5 {[%emt 0:00:20] Black mates.} 40. b4 cxb4 41. Bxb4 Ra1 42. Rgg1 Bxg1 43. Rxg1 Kh4 44. Be1 R8a2 45. Bxg3+ Kh3 46. Bxe5 Rxg1+ {[%emt 0:00:14] Weighted Error Value: White=0.56/Black=0.01 (flawless) .  Mistake:       	White=4     	---        Inaccurate:     	White=1     	Black=1      OK:         	White=5     	Black=12     Best:        	---       	Black=4      Strong:       	---       	Black=1} (46... dxe5 $142 47. Rxa1 Rxa1#) 0-1

[Event "German Bundesliga 2024-25"]
[Site "Germany"]
[Date "2025.01.12"]
[Round "6.6"]
[White "Ganguly, Surya Shekhar"]
[Black "Hracek, Zbynek"]
[Result "1/2-1/2"]
[Annotator "TA"]
[ECO "C55"]
[WhiteElo "2578"]
[BlackElo "2541"]
[PlyCount "40"]
[EventDate "2024.09.27"]
[EventType "team-tourn"]
[EventCountry "GER"]
[SourceTitle "playchess.com"]
[Source "ChessBase"]
[SourceQuality "1"]
[WhiteTeam "SG Solingen"]
[BlackTeam "Werder Bremen"]
[TimeControl "40/5400+30:1800+30"]

1. e4 e5 2. Nf3 Nc6 3. Bc4 Nf6 4. d3 Be7 5. O-O O-O 6. a4 d6 7. a5 Be6 8. a6 b6 9. Nc3 Bxc4 10. dxc4 Nb8 11. Bg5 Nbd7 12. Re1 c6 13. Qd2 h6 14. Bh4 Qc7 15. h3 Rad8 16. Qe3 Rfe8 17. Red1 Qc8 18. Ne2 Kh7 19. b4 d5 20. c3 (20. cxd5 $11 cxd5 21. exd5 (21. Bxf6 Nxf6 22. c3 Bf8 $17)) 20... dxc4 ({Of course not} 20... Nxe4 $6 21. cxd5 cxd5 22. Bxe7 Rxe7 23. Rxd5 $14) (20... dxe4 21. Nd2 $15) 1/2-1/2

[Event "German Bundesliga 2024-25"]
[Site "Germany"]
[Date "2025.01.12"]
[Round "6.6"]
[White "Jovanovic, Zoran"]
[Black "Engel, Luis"]
[Result "0-1"]
[Annotator "TA"]
[ECO "B50"]
[WhiteElo "2520"]
[BlackElo "2549"]
[PlyCount "64"]
[EventDate "2024.09.27"]
[EventType "team-tourn"]
[EventCountry "GER"]
[SourceTitle "playchess.com"]
[Source "ChessBase"]
[SourceQuality "1"]
[WhiteTeam "Kirchweyhe"]
[BlackTeam "Hamburg"]
[TimeControl "40/5400+30:1800+30"]

1. e4 c5 2. Nf3 d6 3. Nc3 Nf6 4. Bb5+ Bd7 5. Qe2 Nc6 6. Bxc6 Bxc6 7. d4 cxd4 8. Nxd4 g6 9. Bg5 Bg7 10. O-O-O Qa5 11. h4 O-O 12. Nb3 Qc7 13. h5 b5 (13... gxh5 $2 14. Nd4 d5 15. e5 $18) 14. hxg6 (14. Nxb5 Bxb5 15. Qxb5 Nxe4 $15 (15... gxh5 $2 16. Bxf6 exf6 17. Qxh5 $18)) (14. Nd4 {keeps more tension.} b4 15. Nd5 Bxd5 16. exd5 Nxd5 17. Ne6) 14... hxg6 15. f3 (15. Nxb5 Bxb5 16. Qxb5 Nxe4 $15) 15... b4 16. Nd5 Bxd5 17. exd5 a5 ({Black should play} 17... Rfc8 $15) 18. Nd4 $1 $11 b3 19. axb3 (19. Nxb3 Rfb8 (19... a4 20. Nd4 $17) 20. Bh6 Bh8 $17) 19... a4 20. Qc4 Rfc8 (20... Qd7 $11 {is superior.}) 21. Qxc7 $14 Rxc7 22. Bxf6 (22. b4 $5) 22... Bxf6 23. Kb1 Rc5 24. Nc6 a3 $1 25. c4 ({Avoid the trap} 25. bxa3 $2 Rxa3 26. Nd4 Rca5 $19 (26... Rxd5 $2 27. c3 $19)) 25... axb2 26. Kc2 $1 e6 $36 {[%emt 0:08:13][%mdl 2048] ...exd5 would now be deadly. Black is pushing.} 27. Nb4 Rc7 28. Rhe1 $2 {[%emt 0:03:54] [#]} (28. dxe6 $11 {and White has nothing to worry.} fxe6 (28... Ra1 $2 29. Nd5 $18) 29. Rxd6) 28... Rb7 $1 $19 29. Nc6 exd5 30. Rxd5 Ra1 31. Red1 $2 {[%emt 0:04:39] [#]} (31. Rdd1) 31... Rxb3 $1 32. Kxb3 {[%emt 0:01:32] Strongly threatening Kc2.} (32. Rb1 Rc3+) 32... Rc1 (32... b1=R+ 33. Rxb1 Rxb1+ 34. Ka4 $11) 0-1

[Event "German Bundesliga 2024-25"]
[Site "Germany"]
[Date "2025.01.12"]
[Round "6.6"]
[White "Delchev, Aleksander"]
[Black "Ikonnikov, Vyacheslav"]
[Result "1/2-1/2"]
[Annotator "TA"]
[ECO "B30"]
[WhiteElo "2464"]
[BlackElo "2465"]
[PlyCount "42"]
[EventDate "2024.09.27"]
[EventType "team-tourn"]
[EventCountry "GER"]
[SourceTitle "playchess.com"]
[Source "ChessBase"]
[SourceQuality "1"]
[WhiteTeam "Deggendorf"]
[BlackTeam "Bad Mergentheim"]
[TimeControl "40/5400+30:1800+30"]

1. e4 c5 2. Nf3 Nc6 3. Bc4 e6 4. O-O a6 5. Re1 b5 6. Bf1 Nf6 7. a4 b4 8. e5 Nd5 9. d3 d6 10. exd6 Bxd6 11. Nbd2 Be7 12. Nc4 O-O 13. d4 cxd4 14. Nxd4 Nxd4 15. Qxd4 Bb7 16. a5 Qc7 17. Qg4 Rfe8 18. Bg5 Bxg5 19. Qxg5 h6 20. Qg3 Qxg3 21. hxg3 Red8 1/2-1/2

[Event "German Bundesliga 2024-25"]
[Site "Germany"]
[Date "2025.01.12"]
[Round "6.7"]
[White "Costa, Leonardo"]
[Black "Kovacevic, Aleksandar"]
[Result "1/2-1/2"]
[Annotator "TA"]
[ECO "B43"]
[WhiteElo "2501"]
[BlackElo "2447"]
[PlyCount "119"]
[EventDate "2024.09.27"]
[EventType "team-tourn"]
[EventCountry "GER"]
[SourceTitle "playchess.com"]
[Source "ChessBase"]
[SourceQuality "1"]
[WhiteTeam "Hamburg"]
[BlackTeam "Kirchweyhe"]
[TimeControl "40/5400+30:1800+30"]

1. e4 c5 2. Nf3 e6 3. d4 cxd4 4. Nxd4 a6 5. Nc3 b5 6. Bd3 Bb7 7. O-O Nc6 8. Nxc6 Bxc6 9. Re1 Ne7 10. Bf1 Ng6 11. Be3 f6 12. Nd5 Kf7 {[%emt 0:00:45] [#]} (12... exd5 $6 13. exd5 Be7 14. dxc6 dxc6 15. Qh5 $18) 13. c4 $1 bxc4 (13... exd5 14. exd5 Bb7 15. c5 $16 (15. cxb5 Bd6 $17)) 14. Nb6 Bb4 $1 15. Nxa8 Bxe1 16. Nb6 (16. Qxe1 Qxa8 17. Qd2 Qb7 $15) 16... Bb4 17. Bxc4 Qc7 18. Rc1 Ba5 19. Na4 $36 {[%emt 0:00:04][%mdl 2048] Black is under pressure.} Bb4 20. Nc5 Bxc5 21. Bxc5 Qb7 22. b4 Ne5 23. Bf1 {[%emt 0:01:25] A strong pair of Bishops.} Bb5 24. f4 Nc6 $2 (24... Ng6 $1 $14) 25. Qh5+ $18 {[%emt 0:03:13] Black is weak on the dark squares} g6 26. Qh4 $1 Qc7 27. Bxb5 axb5 {[%emt 0:00:04] [#]} 28. Rd1 $1 h5 {[%emt 0:09:11] [#]} 29. e5 $1 Qd8 $2 {[%emt 0:01:28] [#]} (29... g5 30. fxg5 Qxe5 31. gxf6 (31. Rxd7+ Kg6 $18) 31... d6) 30. Rxd7+ $3 Qxd7 31. Qxf6+ (31. exf6 $2 Qd1+ 32. Kf2 Ra8 $19) 31... Kg8 32. Qxg6+ Qg7 33. Qxe6+ Kh7 34. Qxc6 {[%emt 0:00:04][%mdl 4096] Endgame KQR-KQB} Rd8 35. Bd6 (35. Qxb5 Rd1+ 36. Kf2 Rd2+ 37. Ke1 Qxg2 $14) (35. h3 $142) 35... Qa7+ 36. Qc5 Qxc5+ $2 (36... Qxa2 37. h3 (37. Qxb5 Qa1+ 38. Kf2 Qd4+ 39. Kf3 Kh8 $16) (37. Qc7+ Kh6 $18) 37... Qb1+ 38. Kh2 Qf5) 37. Bxc5 $2 {[%emt 0:06:41] KR-KB} (37. bxc5 $18 Ra8 38. f5) 37... Kg6 $1 $11 38. e6 Ra8 39. g3 Rxa2 40. h3 Kf5 41. e7 Ra8 $1 42. Kg2 ({White should try} 42. Kf2 $11 Ke4 43. Bd6) 42... h4 $2 (42... Ke4 $1 $14 43. Bd6 Kd5) 43. Kf3 $2 (43. gxh4 $18 {Threatens to win with Kf3.} Kxf4 44. Kf2) 43... hxg3 44. Kxg3 Rg8+ 45. Kf3 Rh8 {[%emt 0:00:14] [#]} 46. h4 $1 Ke6 {[%emt 0:01:19] [#]} (46... Kg6 47. Bd4) 47. h5 $1 Kf7 $1 48. Kg4 Rg8+ $1 49. Kf5 Rh8 50. Kg5 Rg8+ 51. Kf5 Rh8 52. Ke5 Rxh5+ 53. Kd6 Ke8 54. Kc6 Rf5 55. Kxb5 {[%emt 0:05:03] White threatens Kc6 and mate.} Kd7 56. Ka6 Rxf4 57. b5 Ra4+ 58. Kb7 Ra5 59. Kb6 Ra4 60. Kb7 1/2-1/2

[Event "German Bundesliga 2024-25"]
[Site "Germany"]
[Date "2025.01.12"]
[Round "6.7"]
[White "Babula, Vlastimil"]
[Black "Krastev, Alexander"]
[Result "0-1"]
[Annotator "TA"]
[ECO "A67"]
[WhiteElo "2496"]
[BlackElo "2425"]
[PlyCount "69"]
[EventDate "2024.09.27"]
[EventType "team-tourn"]
[EventCountry "GER"]
[SourceTitle "playchess.com"]
[Source "ChessBase"]
[SourceQuality "1"]
[WhiteTeam "Werder Bremen"]
[BlackTeam "SG Solingen"]
[TimeControl "40/5400+30:1800+30"]

1. d4 Nf6 2. c4 e6 3. Nc3 c5 4. d5 exd5 5. cxd5 d6 6. e4 g6 7. f4 Bg7 8. Bb5+ Nfd7 9. a4 Qh4+ 10. g3 Qd8 11. Nf3 O-O 12. O-O {[%emt 0:00:33] White is slightly better.} Na6 13. f5 c4 14. Bg5 $16 Qb6+ 15. Kh1 Nac5 16. Nd2 (16. Bxc4 $2 Qxb2 17. Be7 Qxc3 $19) 16... Ne5 17. Be7 (17. Bxc4 Qxb2 18. Rc1 Bd7 $11) (17. Nxc4 Nxc4 18. f6 (18. Bxc4 Bxc3 19. fxg6 hxg6 $17) 18... Nxb2 $15) 17... Ncd3 18. Qe2 (18. Bxc4 Nxb2 (18... Nf2+ 19. Rxf2 Qxf2 20. Qe2 $19) 19. Qe2 Re8 $17) 18... Qd4 19. Bxf8 (19. Bxd6 Nxb2 20. Bxe5 Bxe5 $14) (19. Nb3 $16 Qb6 (19... cxb3 20. Bxf8 Bxf8 21. Rad1 $16) 20. Nd2) 19... Kxf8 $11 {[%emt 0:00:07] [#]} 20. Nb3 $1 Qb6 (20... cxb3 21. Rad1 $14) 21. a5 (21. Nd1 $5) 21... Qc7 22. Nd4 {[%emt 0:01:57] Strongly threatening fxg6.} a6 23. Ba4 {[%emt 0:01:08] fxg6 is the strong threat.} Kg8 {[%emt 0:00:05] [#]} (23... Qxa5 $11 24. Ne6+ fxe6) 24. Ne6 fxe6 25. dxe6 gxf5 (25... Qxa5 $2 26. e7 Bd7 27. Bxd7 $18) 26. Nd5 Qc5 27. e7 $36 {[%emt 0:00:52][%mdl 2048] White has some pressure.} Bd7 (27... Be6 $11 28. Nb6 (28. e8=B $2 fxe4 29. Ne7+ Kh8 $19) (28. e8=Q+ Rxe8 29. Bxe8 fxe4 $11) 28... Rb8 29. exf5 (29. e8=Q+ Rxe8 30. Bxe8 fxe4 $17) 29... Bf7 (29... Bd5+ 30. Nxd5 Qxd5+ 31. Kg1 $16)) 28. Bxd7 $18 Nxd7 29. Rxf5 {[%emt 0:00:46] Black must now prevent Qh5.} (29. Qh5 Qc8 30. Qxf5 (30. exf5 $2 Nf6 $19) 30... Kh8) 29... N7e5 $2 (29... Qc8 30. Raf1 N3e5) 30. Raf1 Qc6 31. Qe3 Ng6 32. h4 Re8 33. Qg5 (33. h5 $142 Nxe7 34. Rf7) 33... Nde5 {[%emt 0:00:19] [#]} 34. h5 $2 (34. Rxe5 $1 $18 {Re6 would now be deadly.} Nxe5 35. Nf6+ Kh8 36. Qf5 (36. Nxe8 Qxe8 37. Qf5 Ng6 $11)) 34... h6 $11 {[%emt 0:00:07] Chess con chili.} 35. Rf8+ $2 {[%emt 0:00:00][%mdl 8192] What a bad dream for White.   Weighted Error Value: White=0.40/Black=0.31.  Loses game:     	White=1     	Black=1      Mistake:       	White=2     	Black=3      Inaccurate:     	White=1     	---        OK:         	White=10    	Black=12     Best:        	White=4     	Black=1} 0-1

[Event "German Bundesliga 2024-25"]
[Site "Germany"]
[Date "2025.01.12"]
[Round "6.7"]
[White "Neuman, Petr"]
[Black "Popovic, Dusan"]
[Result "1/2-1/2"]
[Annotator "TA"]
[ECO "B08"]
[WhiteElo "2426"]
[BlackElo "2487"]
[PlyCount "83"]
[EventDate "2024.09.27"]
[EventType "team-tourn"]
[EventCountry "GER"]
[SourceTitle "playchess.com"]
[Source "ChessBase"]
[SourceQuality "1"]
[WhiteTeam "Bad Mergentheim"]
[BlackTeam "Deggendorf"]
[TimeControl "40/5400+30:1800+30"]

1. e4 g6 2. d4 d6 3. Nc3 Bg7 4. h3 Nc6 5. Nf3 Nf6 6. Be2 O-O 7. O-O e5 8. dxe5 dxe5 9. Qxd8 Rxd8 10. Bg5 Be6 11. Rfd1 h6 12. Be3 Ne8 13. Bc5 b6 14. Bb5 $1 Nd4 $36 {[%emt 0:03:51][%mdl 2048] Black has the initiative.} 15. Bxd4 exd4 16. Nd5 {[%emt 0:01:02] Ne7+ is the strong threat.} c5 17. a4 (17. Nf4 $11) 17... Bxd5 $17 18. exd5 Nc7 (18... Rxd5 19. Bc6 Rad8 20. Bxd5 Rxd5 21. Rd3 $11) 19. Bc6 Rac8 20. c4 dxc3 21. bxc3 Bxc3 22. Rac1 Bf6 (22... Bb2 $17 23. Rb1 Bf6) 23. d6 $1 $15 Ne6 24. Bb5 Nf8 25. g3 a6 26. Bxa6 Rc6 27. d7 Rxd7 28. Rxd7 Nxd7 29. Rd1 Ne5 30. Nxe5 Bxe5 $11 {[%emt 0:00:02][%mdl 4096] Endgame KRB-KRB. Black is a pawn up.} 31. Rd8+ Kg7 32. Bc4 Rd6 33. Rxd6 Bxd6 $15 {[%emt 0:00:06] KB-KB. Black is a pawn up.} 34. Kf1 f5 35. Ke2 Kf6 36. f4 g5 37. Kf3 Bc7 38. h4 gxf4 39. gxf4 Kg6 40. Kg3 Bd8 (40... h5 $1 $15 {deserves consideration.}) 41. h5+ $1 $11 Kf6 42. Kf3 1/2-1/2

[Event "German Bundesliga 2024-25"]
[Site "Germany"]
[Date "2025.01.12"]
[Round "6.8"]
[White "Naumann, Alexander"]
[Black "Wachinger, Nikolas"]
[Result "0-1"]
[Annotator "TA"]
[ECO "B90"]
[WhiteElo "2476"]
[BlackElo "2441"]
[PlyCount "132"]
[EventDate "2024.09.27"]
[EventType "team-tourn"]
[EventCountry "GER"]
[SourceTitle "playchess.com"]
[Source "ChessBase"]
[SourceQuality "1"]
[WhiteTeam "SG Solingen"]
[BlackTeam "Werder Bremen"]
[TimeControl "40/5400+30:1800+30"]

1. e4 c5 2. Nf3 d6 3. d4 cxd4 4. Nxd4 Nf6 5. Nc3 a6 6. Be3 e5 7. Nf3 Be7 8. Bc4 O-O 9. O-O Nc6 10. Re1 Na5 11. Bf1 b5 12. Bg5 Bb7 13. Bxf6 Bxf6 14. Nd5 Rc8 15. a4 Bxd5 16. Qxd5 b4 17. Qd2 Qb6 18. Rad1 Rfd8 19. b3 Rc5 20. Qe2 h6 21. Rd2 Ra8 22. Red1 Qc7 23. g3 Be7 24. h4 Rc3 25. Bh3 Nb7 26. h5 Nc5 27. Bf5 Ne6 28. Bxe6 fxe6 29. Ne1 Bf8 30. Kg2 a5 31. Rd3 Rxd3 32. Rxd3 Qc6 {[%emt 0:01:32] [#]} 33. Nf3 (33. Qg4 $1 $16 Qe8 34. c4 bxc3 35. Rxc3) 33... Be7 $11 34. Ne1 Rf8 35. Rf3 Bf6 36. Rd3 d5 37. f3 Bg5 38. Kh2 (38. exd5 exd5 39. f4 (39. Qxe5 $2 Re8 $19) 39... d4+ (39... exf4 $2 40. Nf3 $17) 40. Kg1 exf4 $17) 38... Qc5 $2 (38... d4 $15 {keeps the upper hand.}) 39. Kg2 ({White has to play} 39. exd5 $16 exd5 40. Qxe5) 39... d4 $11 40. Rd1 Qc3 41. Nd3 (41. Qa6 Bd2 (41... Rxf3 42. Nxf3 Qxc2+ 43. Rd2 $11) 42. Qxe6+ Kh8 43. Rxd2 Qxd2+ 44. Kf1 Qc1 $17) 41... Rc8 42. f4 exf4 43. gxf4 Bf6 44. e5 Qxc2 45. Qxc2 Rxc2+ 46. Kf3 Bd8 47. Rc1 (47. Ke4 $11 {remains equal.}) 47... Rc3 (47... Rxc1 $17 48. Nxc1 g6) 48. Ke4 $11 Bb6 (48... Rxb3 $2 49. Rc8 $18 (49. Kxd4 Bb6+ 50. Kc4 Ra3 $15)) 49. Rb1 Kf7 50. Rb2 Ba7 51. Rb1 Rc2 52. Rb2 Rxb2 53. Nxb2 g6 $1 54. Nc4 $2 (54. hxg6+ $11 Kxg6 55. Nc4) 54... gxh5 $19 55. Nxa5 h4 56. Nc4 Kg6 57. Kf3 h5 58. a5 d3 59. a6 Bc5 (59... h3 60. Kg3 $11) 60. Nd2 Kf5 61. Ne4 h3 62. Ng3+ Kg6 63. f5+ exf5 64. e6 h4 65. e7 {[%emt 0:00:49] [#]} Kf7 $1 (65... hxg3 $2 66. e8=Q+ (66. e8=B+ $2 Kh6 $19) 66... Kg5 67. Qd8+ (67. Kxg3 f4+ 68. Kxh3 d2 $18) 67... Kg6 68. Kxg3 $18) ({Weaker is} 65... Bxe7 66. a7 d2 (66... hxg3 67. a8=Q $11) 67. Ke2 hxg3 68. a8=Q $11 (68. a8=B {leads to mate.} g2 69. Kxd2 g1=Q 70. Ke2 Qd4 71. Bf3 Bg5 72. Ke1 Qe3+ 73. Kf1 Qxf3+ 74. Ke1 Qg2 75. Kd1 Qd2#)) 66. Nxf5 h2 (66... Bxe7 $2 {is the wrong capture.} 67. a7 h2 68. Kg2 $18) 0-1

[Event "German Bundesliga 2024-25"]
[Site "Germany"]
[Date "2025.01.12"]
[Round "6.8"]
[White "Sedlak, Nikola"]
[Black "Gasthofer, Alexander"]
[Result "1/2-1/2"]
[Annotator "TA"]
[ECO "D02"]
[WhiteElo "2444"]
[BlackElo "2388"]
[PlyCount "56"]
[EventDate "2024.09.27"]
[EventType "team-tourn"]
[EventCountry "GER"]
[SourceTitle "playchess.com"]
[Source "ChessBase"]
[SourceQuality "1"]
[WhiteTeam "Deggendorf"]
[BlackTeam "Bad Mergentheim"]
[TimeControl "40/5400+30:1800+30"]

1. d4 d5 2. Nf3 Nf6 3. Bf4 Bf5 4. e3 e6 5. Bd3 Bxd3 6. cxd3 Bd6 7. Bg3 O-O 8. Nc3 c5 9. dxc5 Bxc5 10. Qb3 Qb6 11. Qxb6 Bxb6 12. Ke2 Nbd7 13. Rhc1 Rfc8 14. Nb5 Ne8 15. d4 a6 16. Nd6 Nxd6 17. Bxd6 f6 18. Ne1 Kf7 19. Nd3 Bd8 20. g4 Be7 21. Bg3 Nb6 22. f3 Nc4 23. Be1 Nd6 24. Nc5 b6 25. Na4 Rxc1 26. Rxc1 Rc8 27. Rxc8 Nxc8 28. Bg3 b5 1/2-1/2